 Dungeon Crawl Stone Soup version 0.30-a0-857-gcaf70739d4 (webtiles) character file.

Game seed: 17603909158487069299

235 octoduck the Grave Robber (level 5, -2/35 HPs)
             Began as a Demonspawn Necromancer on Mar 6, 2023.
             Slain by a gnoll
             ... wielding a +0 flail
              (6 damage)
             ... on level 2 of the Dungeon.
             The game lasted 00:07:57 (2983 turns).

octoduck the Grave Robber (Demonspawn Necromancer)  Turns: 2983, Time: 00:07:57

Health: -2/35      AC:  2    Str:  9    XL:     5   Next: 76%
Magic:  5/8        EV: 12    Int: 18    God:
Gold:   194        SH:  0    Dex: 13    Spells: 0/8 levels left

rFire   . . .      SeeInvis .    f - +0 dagger
rCold   . . .      Faith    .    (no shield)
rNeg    . . .      Spirit   .    a - +0 robe
rPois   .          Reflect  .    (no helmet)
rElec   .          Rampage  .    (no cloak)
rCorr   .                        (no gloves)
Will    .....                    (no boots)
Stlth   ++                       (no amulet)
HPRegen 0.25/turn                (no ring)
MPRegen 0.11/turn                (no ring)

@: no status effects
A: demonic magic 1, demonic touch 2
a: no special abilities


You were on level 2 of the Dungeon.
You visited 1 branch of the dungeon, and saw 3 of its levels.

You collected 194 gold pieces.

Inventory:

Hand Weapons
 f - a +0 dagger (weapon)
Missiles
 j - 4 poisoned darts
Armour
 a - a +0 robe (worn)
 c - a +0 ring mail
 i - a +0 plate armour
 l - a +0 chain mail of positive energy
 n - a +0 leather armour
Jewellery
 m - a ring of positive energy
Wands
 p - a wand of charming (11)
Potions
 b - a potion of magic
 d - 5 potions of might {unknown}
 e - a potion of attraction {unknown}
 g - 3 potions of haste {unknown}
 h - a potion of ambrosia {unknown}
 k - 2 potions of flight {unknown}
 o - a potion of mutation {unknown}


   Skills:
 - Level 1.7 Dodging
 - Level 1.7 Stealth
 - Level 2.0 Spellcasting
 + Level 7.8 Necromancy


You couldn't memorise any spells.
You knew the following spells:

 Your Spells              Type           Power      Damage    Failure   Level
a - Necrotise             Necr           100%       1d9       1%          1
b - Vampiric Draining     Necr           30%        2d8       2%          3
c - Animate Dead          Necr           30%        N/A       7%          4

Your spell library contained the following spells:

 Spells                   Type           Power      Damage    Failure   Level
 Agony                    Necr           30%        N/A       21%         5
 Gell's Gravitas          Tloc           1%         N/A       47%         3
 Teleport Other           Tloc           1%         N/A       47%         3
 Dispersal                Tloc           0%         N/A       100%        6


Dungeon Overview and Level Annotations

Branches:
Dungeon (3/15)

Altars:

Annotations:
D:2 Terence


Innate Abilities, Weirdness & Mutations

Spells you cast may paralyse adjacent enemies.
Your touch may inflict irresistible damage on your foes.


Message History

Something hits your bat skeleton.
Your bat skeleton is destroyed!
The gnoll hits you with a +1 whip of holy wrath.
You convulse.
Casting: Necrotise (safe; 1% risk of failure)
Confirm with . or Enter, or press ? or * to list all spells.
Aiming: Necrotise (safe; 1% risk of failure)
Press: ? - help, Shift-Dir - straight line, f - gnoll
Aim: a gnoll, wielding a +1 whip of holy wrath (chance to affect: 88%)
The gnoll writhes in agony.
Malevolent energies surge around you.
The gnoll suddenly stops moving!
A gnoll comes into view. It is wielding a +0 spear.
The helpless gnoll fails to defend itself.
You hit the gnoll.
The gnoll is heavily wounded.
The gnoll hits you with a +0 flail.
The helpless gnoll fails to defend itself.
You hit the gnoll.
The gnoll shouts!
You touch the gnoll.
You kill the gnoll!
The gnoll hits you but does no damage. The gnoll hits you with a +0 flail!
Casting: Necrotise (safe; 1% risk of failure)
Confirm with . or Enter, or press ? or * to list all spells.
Aiming: Necrotise (safe; 1% risk of failure)
Press: ? - help, Shift-Dir - straight line, f - gnoll
Aim: a gnoll, wielding a +0 flail (chance to affect: 88%)
The gnoll writhes in agony.
Malevolent energies surge around you.
The gnoll hits you from afar with a +0 spear!
The gnoll barely misses you.
Casting: Necrotise (safe; 1% risk of failure)
Confirm with . or Enter, or press ? or * to list all spells.
Aiming: Necrotise (safe; 1% risk of failure)
Press: ? - help, Shift-Dir - straight line, f/p - gnoll
Aim: a gnoll, wielding a +0 flail (moderately wounded, chance to affect: 88%)
The gnoll barely resists.
Malevolent energies surge around you.
The gnoll hits you from afar with a +0 spear!
* * * LOW HITPOINT WARNING * * *
The gnoll hits you with a +0 flail.
You die...

#.##.## ##.##.#.
###..##.#. ##...###.#.
####..### #.#. #######
#....######.#.
......g#####...........#.
#....).(.......(.....#.
##.##g@..............#.
######.#..........#.
####....Z.###........#.
##....########......).#.
.......................##
... .
##..#...........#.........
.......
..##...........#.......##
#.#..#.
..##..........#.......#.
#......
..#..........#.......#.


You could see 2 gnolls.

Vanquished Creatures
  Ijyb (D:3)
  Jessica (D:2)
  9 gnolls
  4 adders
  A worm (D:3)
  A dart slug (D:3)
  4 orcs (D:3)
  2 endoplasms
  A giant cockroach (D:3)
  3 goblins
  3 hobgoblins
  4 quokkas
  2 ball pythons
  5 bats
  6 frilled lizards
  6 kobolds
  4 rats
57 creatures vanquished.

Vanquished Creatures (collateral kills)
  An orc (D:3)
  A goblin (D:3)
2 creatures vanquished.

Grand Total: 59 creatures vanquished

Notes
Turn   | Place    | Note
-------+----------+-------------------------------------------
     0 | D:1      | octoduck the Demonspawn Necromancer began the quest for the
                  | Orb.
     0 | D:1      | Reached XP level 1. HP: 13/13 MP: 3/3
   619 | D:1      | Gained mutation: Spells you cast may paralyse adjacent
                  | enemies. [demonic ancestry]
   619 | D:1      | Reached XP level 2. HP: 19/19 MP: 3/5
   630 | D:1      | Reached skill level 5 in Necromancy
  1366 | D:2      | Noticed Jessica
  1636 | D:2      | Discovered your monstrous ancestry.
  1636 | D:2      | Gained mutation: Your touch may inflict minor irresistible
                  | damage on your foes. [demonic ancestry]
  1636 | D:2      | Reached XP level 3. HP: 19/24 MP: 2/6
  1877 | D:2      | Noticed Terence
  1947 | D:2      | Learned a level 3 spell: Vampiric Draining
  1976 | D:2      | Reached skill level 6 in Necromancy
  2301 | D:3      | Gained mutation: Your touch may inflict irresistible damage
                  | on your foes. [demonic ancestry]
  2301 | D:3      | Reached XP level 4. HP: 30/30 MP: 1/7
  2536 | D:3      | Reached skill level 7 in Necromancy
  2536 | D:3      | Reached XP level 5. HP: 34/35 MP: 2/8
  2612 | D:3      | Learned a level 4 spell: Animate Dead
  2667 | D:3      | Noticed Ijyb
  2677 | D:3      | Killed Ijyb
  2873 | D:2      | Killed Jessica
  2983 | D:2      | Slain by a gnoll

Illustrated notes

Levels and vault maps discovered:
D:1:      heliophobic_arrival_glass_houses, layout_loops_ring,
          minmay_heptomino_h4
D:2:      layout_rooms, chequers_serial_rivers_room_a, roderic_lattice_a,
          uniq_jessica, uniq_terence
D:3:      layout_rooms, uniq_crazy_yiuf_cottage, uniq_ijyb

Skill      XL: |  1  2  3  4 |
---------------+-------------+-----
Necromancy     | 5 6 7 |  7.8
Dodging        | |  1.7
Stealth        | |  1.7
Spellcasting   | |  2.0

Action                     |  1- 3 |  4- 6 || total
---------------------------+-------+-------++-------
  Melee: Dagger            |    16 |    20 ||    36
         Touch             |     1 |     2 ||     3
         Punch             |       |     1 ||     1
   Cast: Necrotise         |    50 |    45 ||    95
         Vampiric Draining |       |     1 ||     1
    Use: Scroll            |     1 |       ||     1
   Stab: Paralysed         |     4 |    10 ||    14
         Sleeping          |     1 |       ||     1
 Armour: Robe              |       |     6 ||     6
  Dodge: Dodged            |    10 |    19 ||    29

Table legend: (Time is in decaauts)
 A = Elapsed time spent in this place.
 B = Non-inter-level travel time spent in this place.
 C = Inter-level travel time spent in this place.
 D = Time resting spent in this place.
 E = Time spent auto-exploring this place.
 F = Levels seen in this place.
 G = Mean time per level.
                   A        B        C        D        E       F      G
               +--------+--------+--------+--------+--------+-----+--------+
         Total |   3032 |   2627 |    405 |    953 |   1112 |   3 | 1010.7 |
       Dungeon |   3032 |   2627 |    405 |    953 |   1112 |   3 | 1010.7 |
               +--------+--------+--------+--------+--------+-----+--------+

Top non-repeatable levels by time:
     D:1: 1607 daAuts
     D:2: 943 daAuts
     D:3: 481 daAuts
